 Dungeon Crawl Stone Soup version 0.29-a0-876-gfc89b1a5bd (webtiles) character file.

Game seed: 1661888672950594765

422 zishaf the Sneak (level 6, -8/33 HPs)
             Began as a Vine Stalker Brigand on July 19, 2022.
             Mangled by a gnoll
             ... wielding a +0 halberd
              (14 damage)
             ... on level 4 of the Dungeon.
             The game lasted 00:05:09 (2611 turns).

zishaf the Sneak (Vine Stalker Brigand)             Turns: 2611, Time: 00:05:09

Health: -8/33      AC:  8    Str: 13    XL:     6   Next: 95%
Magic:  0/7        EV: 10    Int: 11    God:
Gold:   194        SH:  0    Dex: 18    Spells: 5/5 levels left

rFire   + . .      SeeInvis .   l - +2 long sword (freeze)
rCold   . . .      Faith    .   (no shield)
rNeg    . . .      Spirit   +   q - +0 ring mail
rPois   .          Reflect  .   s - +0 helmet
rElec   .          Harm     .   c - +0 cloak
rCorr   .          Rampage  .   (no gloves)
Will    +....                   m - +0 pair of boots
Stlth   +++.......              (no amulet)
HPRegen 0.91/turn               y - ring of willpower
MPRegen 0.10/turn               t - ring of protection from fire

@: no status effects
A: fangs 2, regeneration 1, magic shield, antimagic bite, no potion heal 2
a: no special abilities


You were on level 4 of the Dungeon.
You visited 1 branch of the dungeon, and saw 4 of its levels.

You collected 194 gold pieces.

Inventory:

Hand Weapons
 a - a +2 dagger
 l - a +2 long sword of freezing (weapon)
Missiles
 d - 9 poisoned darts (quivered)
 e - 4 curare-tipped darts
 B - 2 throwing nets
Armour
 b - a +0 robe
 c - a +0 cloak (worn)
 j - a +0 leather armour
 m - a +0 pair of boots (worn)
 q - a +0 ring mail (worn)
 s - a +0 helmet (worn)
Jewellery
 t - a ring of protection from fire (right hand)
 x - a ring of flight
 y - a ring of willpower (left hand)
Scrolls
 g - 2 scrolls of enchant armour {unknown}
 h - 3 scrolls of teleportation {unknown}
 i - a scroll of vulnerability {unknown}
 r - 3 scrolls of immolation {unknown}
 u - 2 scrolls of blinking {unknown}
 w - 2 scrolls of identify {unknown}
 C - a scroll of fear {unknown}
Potions
 f - a potion of curing {unknown}
 k - 2 potions of flight {unknown}
 n - a potion of heal wounds {unknown}
 o - a potion of haste {unknown}
 p - a potion of cancellation {unknown}
 v - a potion of might {unknown}
 z - a potion of mutation {unknown}
 A - 2 potions of lignification {unknown}


   Skills:
 + Level 4.0 Fighting
 - Level 1.9(2.9) Short Blades
 + Level 3.3(3.6) Long Blades
 - Level 3.0 Throwing
 - Level 1.0 Dodging
 - Level 6.0 Stealth


You had 5 spell levels left.
You didn't know any spells.
Your spell library contained the following spells:

 Spells                   Type           Power      Damage    Failure   Level
 Summon Forest            Summ/Tloc      0%         N/A       100%        5
 Eringya's Noxious Bog    Tmut/Pois      0%         N/A       100%        6
 Summon Hydra             Summ           0%         N/A       100%        7


Dungeon Overview and Level Annotations

Branches:
Dungeon (4/15)
 Temple: D:4-7

Altars:
Kikubaaqudgha


Innate Abilities, Weirdness & Mutations

You have extremely sharp teeth.
Your natural rate of healing is unusually fast.
When hurt, damage is shared between your health and your magic reserves.
Your bite disrupts and absorbs the magic of your enemies.
Potions cannot restore your health.


Message History

You closely miss the orc wizard.
The orc wizard is moderately wounded.
The orc wizard hits you but does no damage.
The gnoll misses you. The orc wizard barely misses you.
You completely miss the orc wizard.
The orc wizard is moderately wounded.
The orc wizard barely misses you. The gnoll hits you with a +0 halberd.
You hit the orc wizard but do no damage.
You bite the orc wizard.
The orc wizard's magic leaks into the air.
You drain its magic.
You feel invigorated.
The orc wizard is heavily wounded.
The orc wizard hits you but does no damage.
The gnoll hits you with a +0 halberd.
You barely miss the orc wizard. Your bite misses the orc wizard.
The orc wizard is heavily wounded.
The orc wizard hits you but does no damage.
The gnoll closely misses you.
You closely miss the orc wizard.
You bite the orc wizard, but do no damage.
The orc wizard is heavily wounded.
The orc wizard barely misses you. The gnoll hits you with a +0 halberd.
The gnoll hits you but does no damage.
You hit the orc wizard. You freeze the orc wizard. You bite the orc wizard.
You kill the orc wizard!
The gnoll closely misses you.
The gnoll hits you from afar with a +0 halberd!
The gnoll closely misses you. The gnoll barely misses you.
Unknown command.
The gnoll hits you with a +0 halberd.
* * * LOW HITPOINT WARNING * * *
Things that are here:
a +0 robe; a +0 dagger; an orc corpse The gnoll attacks as you move away!
The gnoll misses you.
The gnoll hits you from afar with a +0 halberd!
* * * LOW HITPOINT WARNING * * *
There is a stone staircase leading up, spattered with blood here.
The gnoll barely misses you.
The gnoll hits you from afar with a +0 halberd!
You die...

... ########
.....#...#..
....#...+..
...#...#.#
.#######.#...#.#
.............#g###
.............g[@##
#..........))).[#
+...............#
..#...............#
........"...).....#
..####..########.#
#..#'# .# #.##)# ..
#)#... .#.


You could see 2 gnolls.

Vanquished Creatures
  An orc warrior (D:3)
  A hound (D:4)
  An orc priest (D:3)
  4 orc wizards
  2 adders
  5 gnolls
  2 worms (D:2)
  2 dart slugs
  15 orcs
  6 bats
  5 endoplasms
  2 giant cockroaches
  3 goblins
  2 hobgoblins
  13 jackals (D:2)
  A quokka (D:1)
  7 ball pythons
  2 frilled lizards
  2 kobolds
  4 rats
80 creatures vanquished.

Vanquished Creatures (others)
  A plant (D:1)
1 creature vanquished.

Grand Total: 81 creatures vanquished

Notes
Turn   | Place    | Note
-------+----------+-------------------------------------------
     0 | D:1      | zishaf the Vine Stalker Brigand began the quest for the
                  | Orb.
     0 | D:1      | Reached XP level 1. HP: 11/11 MP: 2/2
   556 | D:1      | Reached skill level 1 in Dodging
   556 | D:1      | Reached XP level 2. HP: 9/15 MP: 3/3
   671 | D:1      | Reached skill level 5 in Stealth
  1132 | D:2      | Reached XP level 3. HP: 15/18 MP: 2/4
  1154 | D:2      | Reached skill level 1 in Long Blades
  1400 | D:2      | Found a faded altar of an unknown god.
  1513 | D:2      | Gained mutation: Your natural rate of healing is unusually
                  | fast. [Vine Stalker growth]
  1513 | D:2      | Reached XP level 4. HP: 12/23 MP: 5/5
  1814 | D:3      | Found an ancient bone altar of Kikubaaqudgha.
  2058 | D:3      | Reached XP level 5. HP: 15/27 MP: 1/6
  2299 | D:4      | Reached skill level 6 in Stealth
  2303 | D:4      | Noticed an orc warrior
  2307 | D:4      | Reached XP level 6. HP: 32/32 MP: 7/7
  2349 | D:3      | Killed an orc warrior
  2611 | D:4      | Mangled by a gnoll

Illustrated notes

Levels and vault maps discovered:
D:1:      roderic_octagonal_star, layout_rooms, serial_bayou,
          serial_bayou_pond_d, serial_bayou_lagoon_b, serial_bayou_pond_e,
          serial_bayou_lagoon_a
D:2:      layout_basic, hellmonk_ecumenical_altar_inner_sanctum
D:3:      layout_rooms, mainiacjoe_overflow_catwalk
D:4:      corexii_shack_village, layout_basic,
          lemuel_mausoleum_altar_yredelemnul, st_stairs_3,
          pf_guarded_unrand_delatra

Skill      XL: |  1  2  3  4  5  6 |
---------------+-------------------+-----
Dodging        | 1 |  1.0
Stealth        | 5 6 |  6.0
Fighting       | 2 3 4 |  4.0
Throwing       | 2 3 |  3.0
Long Blades    | 1 2 3 |  3.3
Short Blades   | |  1.9

Action                   |  1- 3 |  4- 6 || total
-------------------------+-------+-------++-------
Melee: Long sword        |    79 |    79 ||   158
       Bite              |    15 |    17 ||    32
Throw: Dart              |       |     7 ||     7
 Stab: Sleeping          |     6 |     6 ||    12
Armor: Leather armour    |     2 |       ||     2
       Ring mail         |    30 |    43 ||    73
Dodge: Dodged            |    48 |    58 ||   106

Table legend: (Time is in decaauts)
 A = Elapsed time spent in this place.
 B = Non-inter-level travel time spent in this place.
 C = Inter-level travel time spent in this place.
 D = Time resting spent in this place.
 E = Time spent auto-exploring this place.
 F = Levels seen in this place.
 G = Mean time per level.
                   A        B        C        D        E       F      G
               +--------+--------+--------+--------+--------+-----+--------+
         Total |   2689 |   2560 |    129 |    148 |   1816 |   4 |  672.2 |
       Dungeon |   2689 |   2560 |    129 |    148 |   1816 |   4 |  672.2 |
               +--------+--------+--------+--------+--------+-----+--------+

Top non-repeatable levels by time:
     D:1: 1032 daAuts
     D:2: 834 daAuts
     D:3: 724 daAuts
     D:4: 97 daAuts
